 Dungeon Crawl Stone Soup version 0.23-a0-61-g4bf3f6c (webtiles) character file.

12230 whiterapper the Carver (level 11, -6/101 HPs)
             Began as a Minotaur Gladiator on Aug 9, 2018.
             Was a Believer of Okawaru.
             Mangled by a white ugly thing (19 damage)
             ... on level 11 of the Dungeon.
             The game lasted 00:24:08 (13640 turns).

whiterapper the Carver (Minotaur Gladiator)        Turns: 13640, Time: 00:24:09

Health: -6/101     AC: 16    Str: 18    XL:     11   Next: 59%
Magic:  10/10      EV: 18    Int:  7    God:    Okawaru [**....]
Gold:   510        SH:  0    Dex: 25    Spells: 10/10 levels left

rFire    . . .     SeeInvis .   a - +0 long sword
rCold    . . .     Gourm    +   (no shield)
rNeg     . . .     Faith    .   B - +4 ring mail {MR+}
rPois    +         Spirit   .   c - +0 hat
rElec    .         Reflect  .   t - +0 cloak
rCorr    .         Harm     .   (no gloves)
MR       +....                  J - +2 pair of boots of Calculation {rPois Dex+4}
Stlth    +.........             x - amulet of the Seventy-Seven Yaks {Gourm Int+2 Dex+5}
HPRegen  0.26/turn              (no ring)
MPRegen  0.12/turn              (no ring)

@: very slightly contaminated
A: retaliatory headbutt, horns 2
a: Heroism, Renounce Religion


You were on level 11 of the Dungeon.
You worshipped Okawaru.
Okawaru was pleased with you.
You were completely stuffed.

You visited 2 branches of the dungeon, and saw 12 of its levels.
You also visited: Bailey.

You collected 640 gold pieces.
You spent 130 gold pieces at shops.

Inventory:

Hand Weapons
 a - a +0 long sword (weapon)
Missiles
 d - 3 throwing nets (quivered)
 i - 121 arrows
Armour
 b - a +0 leather armour
 c - a +0 hat (worn)
 g - a +0 chain mail
 k - a +1 ring mail of magic resistance
 t - a +0 cloak (worn)
 z - a +0 chain mail
 B - a +4 ring mail of magic resistance (worn)
 J - the +2 pair of boots of Calculation (worn) {rPois Dex+4}
   (You found it in a bailey)

   It affects your dexterity (+4).
   It protects you from poison.
Jewellery
 j - an uncursed amulet of guardian spirit {unknown}
 x - the amulet of the Seventy-Seven Yaks (around neck) {Gourm Int+2 Dex+5}
   (You took it off an orc in a bailey)

   [amulet of the gourmand]

   It allows you to eat raw meat even when not hungry.
   It affects your intelligence (+2).
   It affects your dexterity (+5).
 y - an uncursed ring of protection from cold {unknown}
 O - a +4 ring of dexterity {unknown}
Wands
 r - a wand of flame (60)
 u - a wand of polymorph (20)
 C - a wand of paralysis (12)
 D - a wand of acid (6)
 H - a wand of random effects (47)
Scrolls
 e - 7 scrolls of remove curse
 h - 4 scrolls of amnesia
 m - 5 scrolls of fog
 n - a scroll of noise
 o - 5 scrolls of teleportation
 p - 5 scrolls of immolation
 q - 2 scrolls of random uselessness
 s - 3 scrolls of blinking
 v - 2 scrolls of magic mapping {unknown}
 E - 2 scrolls of enchant armour {unknown}
 F - a scroll of enchant weapon {unknown}
 G - a scroll of fear {unknown}
 M - 2 scrolls of identify
 N - a scroll of vulnerability {unknown}
Potions
 l - 2 potions of mutation
 w - 2 potions of resistance {unknown}
 A - a potion of lignification {unknown}
 I - a potion of haste
 K - a potion of cancellation {unknown}
 L - a potion of flight {unknown}
Comestibles
 f - 22 rations
 P - 2 chunks of flesh


   Skills:
 + Level 10.8 Fighting
 * Level 14.6 Long Blades
 - Level 2.0 Throwing
 + Level 10.1 Armour
 + Level 7.8 Dodging


You had 10 spell levels left.
You didn't know any spells.
Your spell library contained the following spells:

 Spells                   Type           Power        Failure   Level  Hunger
 Magic Dart               Conj           #...         58%         1    ##.....
 Apportation              Tloc           #.....       58%         1    ##.....
 Conjure Flame            Conj/Fire      #.......     91%         3    ####...
 Slow                     Hex            #.......     73%         2    ###....
 Mephitic Cloud           Conj/Pois/Air  #.......     91%         3    ####...
 Summon Small Mammal      Summ           #...         58%         1    ##.....
 Blink                    Tloc           N/A          73%         2    ###....
 Iskenderun's Mystic Bla  Conj           #.......     100%        4    #####..
 Animate Skeleton         Necr           N/A          58%         1    ##.....
 Call Imp                 Summ           #.......     73%         2    ###....
 Confusing Touch          Hex            #.....       58%         1    ##.....
 Fulminant Prism          Conj/Hex       #.........   100%        4    #####..
 Dazzling Spray           Conj/Hex       #.....       91%         3    ####...
 Force Lance              Conj/Tloc      #.......     100%        4    #####..
 Searing Ray              Conj           #.....       73%         2    ###....


Dungeon Overview and Level Annotations

Branches:
Dungeon (11/15)            Temple (1/1) D:5             Orc (0/2) D:10
   Lair: D:8-11

Altars:
Ashenzari
Cheibriados
Dithmenos
Elyvilon
Fedhas
Gozag
Hepliaklqana
Kikubaaqudgha
Makhleb
Nemelex Xobeh
Okawaru
Qazlal
Ru
Sif Muna
Trog
Uskayaw
Vehumet
Wu Jian
Xom
Yredelemnul
Zin
The Shining One

Shops:
D:4 ?   D:5 *


Innate Abilities, Weirdness & Mutations

You reflexively headbutt those who attack you in melee.
You have a pair of horns on your head.


Message History

* * * LOW HITPOINT WARNING * * *
The white ugly thing freezes you!
* * * LOW HITPOINT WARNING * * *
Blink to where?
Press: ? - help, Dir - move target cursor You are very lightly contaminated with residual magic.
As you read the scroll of blinking, it crumbles to dust.
Things that are here:
a dagger; a chain mail; a club
Things that are here:
a hand axe; a shiny ring mail; an orc corpse You see here a large rock.
You see here a large rock.
You see here a large rock.
You see here a large rock.
There is a stone staircase leading up here.
The white ugly thing headbutts you.
* * * LOW HITPOINT WARNING * * *
The white ugly thing freezes you!!
You die...

#. #.# #.. #.##
#..##
#####...####
...<....@..+
####..u####
#..## #..รท#
###.# #.# +#
#.# .# #.#
######.##
###.###.......#


You could see a white ugly thing.

Vanquished Creatures
  Fannar (D:10)
  A two-headed ogre (D:8)
  2 cyclopes
  A centaur zombie (D:10)
  A centaur skeleton (D:11)
  3 hippogriffs
  Sigmund (D:5)
  4 hogs (D:7)
  A human (D:7)
  16 yaks
  A hungry ghost (D:7)
  2 vampire mosquitoes (D:11)
  Duvessa (D:6)
  A water moccasin (D:7)
  8 orc warriors
  A hornet zombie (D:7)
  A phantom (D:4)
  2 black bears
  2 sky beasts
  An ice beast (D:8)
  2 necrophages (D:7)
  6 ogres
  2 big kobolds (D:9)
  6 bullfrogs
  3 scorpions
  2 water moccasin skeletons
  A wyvern skeleton (D:7)
  Dowan (D:6)
  3 killer bees (D:10)
  2 wights (D:7)
  6 howler monkeys
  12 crimson imps
  5 hounds
  A quasit (D:6)
  5 orc priests
  Crazy Yiuf (D:2)
  A bullfrog skeleton (D:4)
  5 jellies
  11 orc wizards
  10 worker ants
  3 iguanas
  A killer bee zombie (D:7)
  3 hound skeletons
  A howler monkey zombie (D:6)
  2 worker ant zombies
  8 gnolls
  4 adders
  A howler monkey skeleton (D:8)
  4 shadow imps
  An ooze (D:1)
  3 adder skeletons
  A worm (D:2)
  A dart slug (D:3)
  7 leopard geckos
  57 orcs
  8 bats
  6 giant cockroaches
  10 goblins
  12 hobgoblins
  15 jackals
  5 quokkas
  2 ball pythons
  5 frilled lizards
  18 kobolds
  A leopard gecko skeleton (D:5)
  A quokka skeleton (D:7)
  7 rats
323 creatures vanquished.

Notes
Turn   | Place    | Note
-------+----------+-------------------------------------------
     0 | D:1      | whiterapper the Minotaur Gladiator began the quest for the Orb.
     0 | D:1      | Reached XP level 1. HP: 18/18 MP: 0/0
    10 | D:1      | Reached skill level 4 in Long Blades
   110 | D:1      | Reached XP level 2. HP: 25/25 MP: 1/1
   521 | D:1      | Reached XP level 3. HP: 27/30 MP: 2/2
   580 | D:1      | Reached skill level 5 in Long Blades
  1418 | D:2      | Found a runed door.
  1748 | D:3      | Reached skill level 1 in Armour
  1748 | D:3      | Reached XP level 4. HP: 33/37 MP: 3/3
  2110 | D:3      | Reached skill level 6 in Long Blades
  2110 | D:3      | Reached XP level 5. HP: 26/44 MP: 4/4
  2271 | D:3      | Found a deep blue altar of Sif Muna.
  2499 | D:3      | Noticed a sky beast
  2512 | D:3      | Killed a sky beast
  2759 | D:3      | Found a white marble altar of Elyvilon.
  3164 | D:3      | Reached XP level 6. HP: 51/51 MP: 5/5
  3179 | D:3      | Reached skill level 7 in Long Blades
  3572 | D:2      | Noticed Crazy Yiuf
  3578 | D:2      | Killed Crazy Yiuf
  3867 | D:4      | Reached skill level 8 in Long Blades
  4003 | D:4      | Found Wuimuulu's Magic Scroll Shop.
  4014 | D:4      | Reached XP level 7. HP: 55/57 MP: 6/6
  4021 | D:4      | Bought a scroll of identify for 26 gold pieces
  4021 | D:4      | Bought a scroll of identify for 26 gold pieces
  4021 | D:4      | Bought a scroll of identify for 26 gold pieces
  4021 | D:4      | Bought a scroll of identify for 26 gold pieces
  4021 | D:4      | Bought a scroll of identify for 26 gold pieces
  4183 | D:4      | Found a shimmering altar of Xom.
  4239 | D:4      | Reached skill level 9 in Long Blades
  4448 | D:5      | Entered Level 5 of the Dungeon
  4512 | D:5      | Noticed a yak
  4512 | D:5      | Noticed a yak
  4512 | D:5      | Noticed a yak
  4514 | D:5      | Noticed a yak
  4516 | D:5      | Noticed a yak
  4518 | D:5      | Noticed a yak
  4529 | D:5      | Killed a yak
  4575 | D:4      | Killed a yak
  4575 | D:4      | Reached XP level 8. HP: 15/66 MP: 7/7
  4810 | D:4      | Reached skill level 10 in Long Blades
  4818 | D:4      | Reached skill level 5 in Armour
  4968 | D:5      | HP: 2/67 [yak (10)]
  4970 | D:5      | Reached skill level 11 in Long Blades
  5381 | D:5      | Reached skill level 5 in Fighting
  5487 | D:5      | Noticed Sigmund
  5492 | D:5      | Killed Sigmund
  5505 | D:5      | Reached XP level 9. HP: 61/74 MP: 8/8
  5819 | D:5      | Found a staircase to the Ecumenical Temple.
  5849 | Temple   | Entered the Ecumenical Temple
  6035 | D:5      | Found Kokyb's General Store.
  6465 | D:6      | Noticed Dowan
  6472 | D:6      | Noticed Duvessa
  6486 | D:6      | Killed Dowan
  6486 | D:6      | Reached skill level 12 in Long Blades
  6501 | D:6      | Killed Duvessa
  6771 | D:6      | Found an ancient bone altar of Kikubaaqudgha.
  7199 | D:7      | Reached skill level 5 in Dodging
  7235 | D:7      | Found an ornate altar of the Wu Jian Council.
  7349 | D:7      | Found a shadowy altar of Dithmenos.
  7387 | D:7      | Reached skill level 13 in Long Blades
  7532 | D:7      | Reached XP level 10. HP: 33/83 MP: 9/9
  7872 | D:7      | Found a hide-covered altar of Uskayaw.
  7999 | D:7      | Found a sparkling altar of Nemelex Xobeh.
  8091 | D:7      | Reached skill level 14 in Long Blades
  8130 | D:7      | Found a sacrificial altar of Ru.
  8205 | D:8      | Noticed a two-headed ogre
  8261 | D:8      | Killed a two-headed ogre
  9268 | D:9      | Found a flagged portal.
  9276 | Bailey   | Entered a bailey
  9833 | Bailey   | Got a shimmering iron amulet
  9834 | Bailey   | Noticed an orc knight
 10054 | Bailey   | Got a pair of brightly glowing boots
 10799 | D:9      | Identified the +2 pair of boots of Calculation {rPois Dex+4} (You found it in a bailey)
 10864 | D:9      | Found a sacrificial altar of Ru.
 11132 | D:9      | Noticed a cyclops
 11148 | D:9      | Killed a cyclops
 11148 | D:9      | Reached XP level 11. HP: 94/97 MP: 10/10
 11263 | D:9      | Found an iron altar of Okawaru.
 11271 | D:9      | Became a worshipper of Warmaster Okawaru
 11706 | D:10     | Entered Level 10 of the Dungeon
 11878 | D:10     | Reached skill level 10 in Fighting
 12054 | D:10     | Found a staircase to the Orcish Mines.
 12421 | D:10     | Reached * piety under Okawaru
 12796 | D:10     | Identified the amulet of the Seventy-Seven Yaks {Gourm Int+2 Dex+5} (You took it off an orc in a bailey)
 12970 | D:10     | Noticed Fannar
 12990 | D:10     | HP: 5/101 [Fannar/bolt of cold (26)]
 12994 | D:10     | Killed Fannar
 12994 | D:10     | Reached ** piety under Okawaru
 12994 | D:10     | Reached skill level 10 in Armour
 13588 | D:11     | Noticed a white ugly thing
 13604 | D:11     | HP: 5/101 [white ugly thing (13)]
 13640 | D:11     | Mangled by a white ugly thing

Vault maps used:
D:1:      shiori_arrival_maze
D:2:      first_ration, uniq_crazy_yiuf_cottage
D:3:      lemuel_coloured_pillars_altar, elyvilon_altar_3, minmay_goblin_outpost
D:4:      serial_shops, nicolae_shop_trees, led_xom_imps
D:5:      minmay_temple_entry_grid, serial_shops, shop, uniq_sigmund
D:6:      overflow_temple_1_default, uniq_duvessa
D:7:      marbit_many_paths, overflow_temple_1_default,
          overflow_temple_1_default, kennysheep_little_box, lemuel_round_altar,
          serial_undead, serial_undead_c, serial_undead_c, serial_undead_e,
          serial_undead_c, grunt_livestock
D:8:      st_stairs_12
D:9:      lemuel_doored_altar, enter_bailey_2, minivault_27,
          hangedman_ru_absence
D:10:     erik_orc_4, uniq_fannar
D:11:     lair_entry_dummy, corner_web_ring
Temple:   dshaligram_water_room_temple
Bailey:   bailey_polearm_1, bailey

Skill      XL: |  1  2  3  4  5  6  7  8  9 10 11 |
---------------+----------------------------------+-----
Long Blades    | 4 5 6 8 9 11 13 14 | 14.6
Armour         | 1 2 3 4 6 7 9 10 | 10.1
Fighting       | 3 4 5 6 9 10 | 10.8
Dodging        | 4 5 7 |  7.8
Throwing       | |  2.0

Action                   |  1- 3 |  4- 6 |  7- 9 | 10-12 || total
-------------------------+-------+-------+-------+-------++-------
Melee: Long sword        |    84 |   136 |   310 |   507 ||  1037
       Headbutt          |    13 |    35 |    86 |   150 ||   284
Throw: Stone             |       |     2 |       |       ||     2
Invok: Heroism           |       |       |       |     1 ||     1
  Use: Scroll            |     1 |     4 |     5 |     2 ||    12
       Potion            |       |       |     3 |     7 ||    10
 Stab: Invisible         |       |     2 |       |       ||     2
       Sleeping          |       |       |       |     2 ||     2
  Eat: Chunk             |     3 |     7 |     7 |    14 ||    31
       Ration            |       |       |     1 |     5 ||     6
Armor: Leather armour    |    12 |       |       |       ||    12
       Chain mail        |    10 |       |       |       ||    10
       Ring mail         |     9 |    54 |    87 |   139 ||   289
Dodge: Dodged            |    73 |    96 |   180 |   333 ||   682
       Rpst.: Long sword |    15 |    20 |    58 |    85 ||   178

Table legend:
 A = Non-vault XP
 B = Vault XP
 C = Vault XP percentage of total XP
 D = Non-vault monster count
 E = Vault monster count
 F = Vault count percentage of total count
 G = Total turns spent on level
                 A         B        C        D         E       F
            +---------+---------+-------+---------+---------+-------
      Total |   13426 |    4046 |  23.2 |     264 |      59 |  18.3
            +---------+---------+-------+---------+---------+-------
        D:1 |      54 |       4 |   6.9 |      23 |       2 |   8.0
        D:2 |      25 |      40 |  61.5 |      12 |       1 |   7.7
        D:3 |     376 |       7 |   1.8 |      43 |       4 |   8.5
        D:4 |    1089 |     196 |  15.3 |      23 |       4 |  14.8
        D:5 |    1120 |     223 |  16.6 |      22 |       1 |   4.3
        D:6 |     505 |     216 |  30.0 |      14 |       2 |  12.5
        D:7 |    1830 |    1486 |  44.8 |      24 |      12 |  33.3
        D:8 |    1739 |      57 |   3.2 |      24 |       1 |   4.0
        D:9 |    2191 |       0 |   0.0 |      42 |       0 |   0.0
       D:10 |    2675 |    1378 |  34.0 |      27 |      17 |  38.6
       D:11 |    1822 |       0 |   0.0 |      10 |       0 |   0.0
     Bailey |       0 |     439 | 100.0 |       0 |      15 | 100.0
            +---------+---------+-------+---------+---------+-------
